 Dungeon Crawl Stone Soup version 0.31-a0-691-g409c26aa35 (webtiles) character file.

Game seed: 15057938613683595072

61 qw the Shooter (level 4, 0/28 HPs)
             Began as a Gargoyle Hunter on Sept 6, 2023.
             Slain by a goblin
             ... wielding a +0 club
             ... led by Robin
              (2 damage)
             ... on level 2 of the Dungeon.
             The game lasted 00:00:29 (785 turns).

qw the Shooter (Gargoyle Hunter)                     Turns: 785, Time: 00:00:29

Health: 0/28       AC:  8    Str: 14    XL:     4   Next: 7%
Magic:  4/4        EV: 11    Int:  8    God:
Gold:   87         SH:  0    Dex: 19    Spells: 3/3 levels left

rFire   . . .        Y - +0 shortbow
rCold   . . .        (shield currently unavailable)
rNeg    + . .        e - +0 ring mail
rPois   inf          (no helmet)
rElec   +            (no cloak)
rCorr   .            (no gloves)
SInv    .            (no boots)
Will    .....        (no amulet)
Stlth   +            (no ring)
HPRegen 0.24/turn    (no ring)
MPRegen 0.09/turn

%: no passive effects
@: flying
A: sickness immunity, AC +3, negative energy resistance 1, electricity
resistance, torment resistance 1, petrification resistance, big wings, talons 1,
agile 1
a: no special abilities


You were on level 2 of the Dungeon.
You visited 1 branch of the dungeon, and saw 2 of its levels.

You collected 87 gold pieces.


Innate Abilities, Weirdness & Mutations

You are immune to sickness and miasma.
Your stone body is resilient. (AC +3)
You are immune to poison.
You resist negative energy. (rN+)
You are resistant to electric shocks. (rElec)
You are resistant to unholy torment.
You are immune to petrification.
Your large and strong wings let you fly.
You have sharp toenails.
You are agile. (Dex +4, Str/Int -1)


   Skills:
 - Level 3.0 Fighting
 + Level 5.0 Ranged Weapons
 - Level 1.0 Armour
 - Level 1.5 Dodging
 - Level 1.1 Stealth


You had 3 spell levels left.
You didn't know any spells.
Your spell library was empty.

Inventory:

Hand Weapons
 Y - a +0 shortbow (weapon)
Armour
 e - a +0 ring mail (worn)
Scrolls
 a - a scroll of identify {unknown}
Potions
 d - a potion of mutation
 h - a potion of heal wounds {unknown}

Dungeon Overview and Level Annotations

Branches:
Dungeon (2/15)

Altars:

Shops:
D:1 (

Annotations:
D:2 Robin


Message History

The goblin is moderately wounded.
The goblin closely misses you.
The goblin hits you but does no damage. x2
The goblin barely misses you. The goblin hits you with a +0 dagger.
Robin closely misses you.
You shoot an arrow. The arrow hits the goblin.
You kill the goblin!
The goblin hits you but does no damage.
Robin says, "Bow before me, strongest of all the hobgoblins!"
Robin throws the goblin at you! The goblin misses you.
You have reached level 4!
You feel stronger.
You shoot an arrow.
The arrow hits the goblin but does no damage.
The goblin hits you with a +0 club. Robin completely misses you.
The goblin completely misses you.
You shoot an arrow. The arrow closely misses the goblin.
The arrow hits the goblin!
You kill the goblin!
The goblin no longer looks unusually strong. x2
The goblin hits you but does no damage. Robin hits you but does no damage.
The goblin hits you but does no damage. The goblin closely misses you.
The goblin hits you with a +0 dagger. x2; The goblin misses you.
Robin hits you but does no damage.
You shoot an arrow. The arrow hits the goblin!
You kill the goblin!
The goblin no longer looks unusually strong. x2
Robin throws the goblin at you! The goblin misses you. x2
Your Fighting skill increases to level 3!
You shoot an arrow. The arrow hits the goblin.
You kill the goblin!
Robin roars a battlecry!
The goblins go into a battle-frenzy!
The goblin hits you with a +0 dagger. The goblin closely misses you.
You shoot an arrow. The arrow closely misses the goblin.
Robin closely misses you. The goblin hits you but does no damage.
The goblin hits you with a +0 club. The goblin barely misses you.
You shoot an arrow. The arrow barely misses the goblin.
The arrow closely misses the kobold.
The goblin hits you with a +0 dagger. The goblin hits you with a +0 club.
The goblin hits you with a +0 dagger. x2; The goblin hits you with a +0 club.
You die...

####### #.....#
#.###.# #.# #.# #
#.# #.#######.#####
#.# #.....g@gK.....
#.##########g......
###
#...........rg.....
..# ###......##
..##### ..#
#.####.# ..# ..#
##.####... ... ..#
#......... ..(.
..#####..####.##
....
...............


You could see Robin, 3 goblins, a kobold and a rat.

Vanquished Creatures
  An adder (D:2)
  A dart slug (D:1)
  5 ball pythons
  4 endoplasms
  A giant cockroach (D:1)
  9 goblins
  6 hobgoblins
  4 kobolds (D:1)
  2 quokkas (D:1)
  2 bats (D:1)
  3 frilled lizards
  6 rats
44 creatures vanquished.

Notes
Turn   | Place    | Note
-------+----------+-------------------------------------------
     0 | D:1      | qw the Gargoyle Hunter began the quest for the Orb.
     0 | D:1      | Reached XP level 1. HP: 12/12 MP: 1/1
     0 | D:1      | 0 ||| qw: Version: 0.3-a-76-g4403597
     0 | D:1      | 0 ||| qw: Game counter: 221
     0 | D:1      | 0 ||| qw: Melee chars always use a shield: true
     0 | D:1      | 0 ||| qw: God list: Okawaru
     0 | D:1      | 0 ||| qw: Allow faded altars: false
     0 | D:1      | 0 ||| qw: Do Orc after clearing Dungeon:15 true
     0 | D:1      | 0 ||| qw: Do second Lair branch before Depths: true
     0 | D:1      | 0 ||| qw: Lair rune preference: random
     0 | D:1      | 0 ||| qw: Goals: Normal
     0 | D:1      | 0 ||| PLANNING D:1-11
   151 | D:1      | Reached XP level 2. HP: 16/17 MP: 2/2
   158 | D:1      | Found Ruus's Antique Weapon Emporium.
   166 | D:1      | 166 ||| SHOPLISTING runed sling (85 gold, have 41).
   352 | D:1      | Reached XP level 3. HP: 21/21 MP: 3/3
   444 | D:1      | Reached skill level 5 in Ranged Weapons
   542 | D:1      | 542 ||| UPGRADING to +0 ring mail.
   552 | D:1      | 552 ||| DROPPING +0 leather armour.
   553 | D:1      | 553 ||| READING scroll labelled VYGIMU TILU.
   554 | D:1      | 554 ||| READING scroll labelled DIJIR JYSCH.
   555 | D:1      | 555 ||| DRINKING 2 silvery potions.
   555 | D:1      | Gained mutation: You have sharp toenails. [potion of
                  | mutation]
   555 | D:1      | Gained mutation: Your large and strong wings let you fly.
                  | [potion of mutation]
   555 | D:1      | Gained mutation: You are agile. (Dex +4, Str/Int -1)
                  | [potion of mutation]
   556 | D:1      | 556 ||| DRINKING 2 smoky black potions.
   557 | D:1      | 557 ||| DROPPING scroll of butterflies.
   558 | D:1      | 558 ||| DROPPING potion of attraction.
   577 | D:2      | Found a faded altar of an unknown god.
   595 | D:2      | Reached skill level 1 in Armour
   596 | D:2      | 596 ||| STAIRDANCE
   767 | D:2      | Noticed Robin
   780 | D:2      | Reached XP level 4. HP: 17/27 MP: 4/4
   783 | D:2      | Reached skill level 3 in Fighting
   785 | D:2      | HP: 7/28 [goblin/+0 dagger[Robin] (1)]
   785 | D:2      | HP: 2/28 [goblin/+0 dagger[Robin] (5)]
   785 | D:2      | Slain by a goblin

Levels and vault maps discovered:
D:1:      dpeg_arrival_tiny_b, layout_basic, serial_shops, shop,
          amcnicky_mini_pool_small
D:2:      layout_basic, basic_ecumenical_altar, uniq_robin, uniq_sigmund

Skill      XL: |  1  2  3  4 |
---------------+-------------+-----
Ranged Weapons | 5 |  5.0
Armour         | 1 |  1.0
Fighting       | 3 |  3.0
Dodging        | |  1.5
Stealth        | |  1.1

Action                     |  1- 3 |  4- 6 || total
---------------------------+-------+-------++-------
   Fire: Shortbow          |   127 |     6 ||   133
    Use: Scroll            |     2 |       ||     2
         Potion            |     2 |       ||     2
 Armour: Leather armour    |    21 |       ||    21
         Ring mail         |    40 |    16 ||    56
  Dodge: Dodged            |    59 |     9 ||    68

Table legend:
 A = Non-vault XP
 B = Vault XP
 C = Vault XP percentage of total XP
 D = Non-vault monster count
 E = Vault monster count
 F = Vault count percentage of total count
                 A         B        C        D         E       F
            +---------+---------+-------+---------+---------+-------
      Total |      70 |      18 |  20.5 |      35 |       9 |  20.5
            +---------+---------+-------+---------+---------+-------
        D:1 |      45 |       0 |   0.0 |      27 |       0 |   0.0
        D:2 |      25 |      18 |  41.9 |       8 |       9 |  52.9
            +---------+---------+-------+---------+---------+-------
